 Dungeon Crawl Stone Soup version 0.29.1-1-gd02db6906a (webtiles) character file.

Game seed: 4277137381762368037

63282 tardwrangler69 the Skirmisher (level 14, -1/116 HPs)
             Began as a Mummy Earth Elementalist on Oct 4, 2022.
             Was an Elder of Ashenzari.
             Slain by an eight-headed hydra (3 damage)
             ... on level 1 of the Swamp on Oct 5, 2022.
             The game lasted 00:58:24 (31330 turns).

tardwrangler69 the Skirmisher (MuEE)               Turns: 31330, Time: 00:58:25

Health: -1/116     AC: 12    Str: 14    XL:     14   Next: 67%
Magic:  30/30      EV: 14    Int: 18    God:    Ashenzari [****..]
Gold:   4166       SH:  0    Dex: 11    Spells: 29/37 levels left

rFire   + + +      SeeInvis +   k - +6 arbalest "Damnation" {damnation}
rCold   + + +      Faith    .   (shield currently unavailable)
rNeg    + + +      Spirit   .   r - +3 leather armour "Gnostic Unpleasantness" {rF+ Str+3, Elem, Range} (curse)
rPois   ∞          Reflect  .   p - +1 helmet "Shackled Together" {Range, Comp} (curse)
rElec   +          Harm     .   B - +0 cloak of the Wild Blue Yonder {rPois, Evo, Fort} (curse)
rCorr   .          Rampage  .   A - +0 pair of gloves of the Eye in the Sky {Range, Evo} (curse)
Will    ++...      Clarity  +   (no boots)
Stlth   +.........              y - amulet of the Bound Scepticism {Acrobat, Self, Evo} (curse)
HPRegen 0.29/turn               l - ring "Esoteric Irritation" {Fire, Self, Elem} (curse)
MPRegen 0.22/turn               t - ring of the Singing Gods {rElec rF+++ rC+++ Will+ Dex-3}

@: no status effects
A: cold resistance 1, negative energy resistance 3, torment resistance 2, heat
vulnerability 1, in touch with death 2, no potions
a: Renounce Religion, Curse Item, Shatter the Chains


You were on level 1 of the Swamp.
You worshipped Ashenzari.
Ashenzari was greatly pleased with you.
You visited 4 branches of the dungeon, and saw 21 of its levels.
You also visited: Ossuary.

You collected 4166 gold pieces.

Inventory:

Hand Weapons
 c - a +2 dagger of venom
 k - the +6 arbalest "Damnation" (weapon) {damnation}
   (You found it on level 2 of the Lair of Beasts)

   Any ammunition fired from it explodes in a burst of damnation on striking a
   foe, dealing damage which bypasses armour.
Missiles
 v - a throwing net
Armour
 p - the cursed +1 helmet "Shackled Together" (worn) {Range, Comp}
   (You found it on level 3 of the Dungeon)

   It has a curse which improves the following skills: Ranged Combat: Ranged
   Weapons and Throwing.
   Companions: Summonings and Necromancy.
 r - the cursed +3 leather armour "Gnostic Unpleasantness" (worn) {rF+ Str+3, Elem, Range}
   (You found it on level 6 of the Dungeon)

   Str:       It affects your strength (+3).
   rF:        It protects you from fire.
   It has a curse which improves the following skills: Elements: Fire Magic, Ice
   Magic, Air Magic and Earth Magic.
   Ranged Combat: Ranged Weapons and Throwing.
 A - the cursed +0 pair of gloves of the Eye in the Sky (worn) {Range, Evo}
   (You found it on level 3 of the Lair of Beasts)

   It has a curse which improves the following skills: Ranged Combat: Ranged
   Weapons and Throwing.
   Evocations: Evocations.
 B - the cursed +0 cloak of the Wild Blue Yonder (worn) {rPois, Evo, Fort}
   (You took it off Maurice on level 10 of the Dungeon)

   It has a curse which improves the following skills: Evocations: Evocations.
   Fortitude: Armour and Shields.
Jewellery
 l - the cursed ring "Esoteric Irritation" (left hand) {Fire, Self, Elem}
   (You found it on level 2 of the Dungeon)

   [ring of fire]

   It enhances your fire magic.
   rF:        It protects you from fire.
   rC:        It makes you vulnerable to cold.
   It has a curse which improves the following skills: Introspection: Fighting
   and Spellcasting.
   Elements:  Fire Magic, Ice Magic, Air Magic and Earth Magic.
 m - a ring of protection from fire
 t - the ring of the Singing Gods (right hand) {rElec rF+++ rC+++ Will+ Dex-3}
   (You acquired it on level 3 of the Lair of Beasts)

   [ring of willpower]

   Dex:       It affects your dexterity (-3).
   rF:        It renders you almost immune to fire.
   rC:        It renders you almost immune to cold.
   rElec:     It insulates you from electricity.
   Will:      It increases your willpower.
 w - a ring of fire
 y - the cursed amulet of the Bound Scepticism (around neck) {Acrobat, Self, Evo}
   (You took it off an orc priest on level 9 of the Dungeon)

   [amulet of the acrobat]

   It increases your evasion while moving and waiting.
   It has a curse which improves the following skills: Introspection: Fighting
   and Spellcasting.
   Evocations: Evocations.
 C - a +6 ring of strength
 D - a ring of ice
 F - a +4 ring of evasion
Wands
 e - a wand of charming (11)
 g - a wand of mindburst (29)
 n - a wand of quicksilver (8)
 x - a wand of polymorph (8)
 z - a wand of flame (17)
 E - a wand of roots (3)
Scrolls
 a - 5 scrolls of poison
 b - a scroll of fear
 d - 3 scrolls of enchant weapon
 f - 6 scrolls of enchant armour
 h - a scroll of teleportation
 i - a scroll of silence
 j - 2 scrolls of butterflies
 o - 2 scrolls of magic mapping
 q - 2 scrolls of brand weapon
 s - 3 scrolls of vulnerability
 u - 4 scrolls of immolation


   Skills:
 - Level 9.8(12.7) Fighting
 + Level 11.4(15.2) Ranged Weapons
 - Level 7.8(9.9) Armour
 - Level 8.1 Dodging
 - Level 1.5 Stealth
 - Level 9.0(12.0) Spellcasting
 - Level 10.0 Conjurations
 - Level 0.7 Transmutations
 - Level 7.5(10.5) Earth Magic


You had 29 spell levels left.
You knew the following spells:

 Your Spells              Type           Power      Damage    Failure   Level
a - Sandblast             Erth           96%        2d20      1%          1
b - Passwall              Tmut/Erth      25%        N/A       1%          2
c - Stone Arrow           Conj/Erth      94%        3d12      1%          3
d - Blink                 Tloc           20%        N/A       12%         2

Your spell library contained the following spells:

 Spells                   Type           Power      Damage    Failure   Level
 Necrotise                Necr           100%       1d9       7%          1
 Petrify                  Tmut/Erth      31%        N/A       8%          4
 Hailstorm                Conj/Ice       29%        3d8       9%          4
 Ensorcelled Hibernation  Hex/Ice        22%        N/A       11%         2
 Vampiric Draining        Necr           26%        2d7       22%         3
 Lightning Bolt           Conj/Air       14%        1d28      26%         5
 Airstrike                Air            6%         2d(1-17)  54%         4
 Summon Lightning Spire   Summ/Air       11%        N/A       56%         4
 Anguish                  Hex/Necr       12%        N/A       58%         4
 Agony                    Necr           26%        N/A       89%         5
 Summon Forest            Summ/Tloc      5%         N/A       90%         5
 Summon Mana Viper        Hex/Summ       11%        N/A       90%         5
 Manifold Assault         Tloc           10%        N/A       91%         5
 Simulacrum               Ice/Necr       13%        N/A       100%        6
 Summon Cactus Giant      Summ           5%         N/A       100%        6
 Spider Form              Tmut/Pois      Unusable   N/A       N/A         3
 Ice Form                 Ice/Tmut       Unusable   N/A       N/A         4
 Storm Form               Tmut/Air       Unusable   N/A       N/A         7

Dungeon Overview and Level Annotations

Branches:
Dungeon (13/15)            Temple (0/1) D:7            Lair (5/5) D:8
  Swamp (1/4) Lair:2        Snake (0/4) Lair:2        Slime (0/5) Lair:5
    Orc (2/2) D:9         Ossuary (visited)
    Elf: Orc:2       Vaults: D:13-14

Altars:
Ashenzari
Cheibriados
Fedhas
Hepliaklqana
Nemelex Xobeh
Qazlal
Uskayaw
Xom
Yredelemnul
Jiyva

Shops:
D:5 ?

Portals:
Trove: D:10 (give horn of Geryon)

Annotations:
D:5 exclusion: hornet
D:9 1 runed translucent door, DemonSlayer's ghost, novice DsFE
D:13 Rupert
Lair:2 exclusion: hydra
Lair:3 3 runed translucent doors, turdburglar's ghost, journeyman MiFi


Innate Abilities, Weirdness & Mutations

You are immune to poison.
Your flesh is cold resistant. (rC+)
You are immune to negative energy. (rN+++)
You are immune to unholy pain and torment.
You are vulnerable to heat. (rF-)
You are strongly in touch with the powers of death.
You do not drink.


Message History

This branch is noisy: sounds don't travel as far here.
This branch contains the decaying rune of Zot.
The vampire mosquito bites you. The vampire mosquito barely misses you.
The eight-headed hydra bites you! x3
The eight-headed hydra closely misses you. x2
The eight-headed hydra bites you! The eight-headed hydra bites you.
The eight-headed hydra misses you.
The eight-headed hydra closely misses you.
The eight-headed hydra bites you.
The eight-headed hydra closely misses you.
The eight-headed hydra barely misses you.
The eight-headed hydra misses you. x2; The eight-headed hydra bites you. x2
The vampire mosquito bites you. The eight-headed hydra misses you.
The eight-headed hydra closely misses you.
The eight-headed hydra bites you! The eight-headed hydra misses you.
The eight-headed hydra bites you!
* * * LOW HITPOINT WARNING * * *
The eight-headed hydra bites you.
* * * LOW HITPOINT WARNING * * *
The eight-headed hydra bites you but does no damage.
The eight-headed hydra bites you.
* * * LOW HITPOINT WARNING * * *
There is a staircase back to the Lair here.
As you read the scroll of fear, it crumbles to dust.
You assume a fearsome visage.
The six-headed hydra looks frightened!
The eight-headed hydra resists with some effort.
The vampire mosquito is unaffected. x2
The eight-headed hydra looks frightened!
The vampire mosquito bites you but does no damage.
The vampire mosquito bites you.
* * * LOW HITPOINT WARNING * * *
The eight-headed hydra misses you. The eight-headed hydra bites you!
* * * LOW HITPOINT WARNING * * *
The eight-headed hydra bites you!
* * * LOW HITPOINT WARNING * * *
The eight-headed hydra bites you but does no damage. x2
The eight-headed hydra bites you.
* * * LOW HITPOINT WARNING * * *
The eight-headed hydra misses you. The eight-headed hydra bites you.
You die...

**♣..~~♣..~~.~♣.>~~
, ,~
♣~.~~..~~~.~..$.~~~
,* *
♣♣~..♣....~.♣♣.~ ,
~ * ♣♣♣♣♣♣~~~~.♣ ~
* ♣♣♣~~~~.♣ ,
♣♣.D..D♣♣, ~ *
♣♣.~~~~♣♣ ~~, ~*
♣♣♣~~~~y♣♣ ~ *
♣♣~~~~D@♣♣~∆ ,,
♣♣♣~♣~♣y♣♣♣ ~ *
♣♣♣..?~~♣♣♣~ ~
♣♣.♣♣♣.~♣♣*~ ,
♣♣♣..~~♣.♣* **
♣♣♣♣.~..♣♣ ~{ *
♣♣♣.♣..♣** ♣~~.♣♣ ,
♣♣.♣♣♣


You could see 2 eight-headed hydras, a six-headed hydra (fleeing) and 2 vampire
mosquitoes.

Vanquished Creatures
  Snorg (Lair:3)
  8 hydras
  A catoblepas (Lair:4)
  An alligator (Lair:2)
  2 boulder beetles
  6 two-headed ogres
  3 death yaks
  A lindwurm (Lair:4)
  2 bog bodies
  3 oklob plants (Lair:5)
  3 black mambas
  Maurice (D:10)
  5 elephants
  4 molten gargoyles (D:10)
  Maggie (D:9)
  A torpor snail (Lair:4)
  15 cane toads
  3 unseen horrors
  6 rime drakes
  15 komodo dragons
  8 trolls
  10 polar bears
  A slime creature (D:12)
  3 hornets (D:10)
  8 dream sheep
  A blink frog (Lair:4)
  3 raiju (Lair:5)
  A shadow (D:11)
  7 wyverns
  2 wraiths
  44 yaks
  4 basilisks
  A steam dragon (D:9)
  Grum (D:9)
  15 vampire mosquitoes
  6 wargs (Lair:5)
  2 acid dragons
  Menkaure (D:7)
  4 nagas (Lair:2)
  12 hell hounds (Lair:5)
  19 water moccasins
  2 ice beasts (D:7)
  20 black bears
  9 orc warriors
  36 wolves
  4 ogres
  3 centaurs
  2 kobold brigands
  A phantom (D:7)
  Blork the orc (D:5)
  10 bullfrogs
  A gnoll sergeant (D:7)
  A necrophage (D:5)
  A scorpion (D:5)
  2 water moccasin zombies (Ossuary)
  4 wights (D:9)
  13 killer bees
  5 electric eels
  4 howler monkeys
  A lava snake (D:10)
  2 hounds (D:5)
  15 orc priests
  4 gnoll boudas
  4 iguanas
  19 orc wizards
  4 hell rats (Lair:2)
  2 mummies (Ossuary)
  20 gnolls
  12 adders
  3 ufetubi (D:5)
  8 adder zombies (Ossuary)
  2 worms
  5 dart slugs
  79 orcs
  4 bats
  7 endoplasms
  8 giant cockroaches
  3 gnoll zombies (Ossuary)
  11 hobgoblins
  4 jackals (D:2)
  11 kobolds
  4 quokkas
  4 ball pythons
  7 frilled lizards
  14 goblins
  4 hobgoblin zombies (Ossuary)
  3 kobold zombies (Ossuary)
  7 orc zombies (Ossuary)
  4 rats
  A spectral goblin (D:6)
630 creatures vanquished.

Vanquished Creatures (collateral kills)
  3 hell rats (Lair:2)
3 creatures vanquished.

Vanquished Creatures (others)
  44 fungi
  61 plants
105 creatures vanquished.

Grand Total: 738 creatures vanquished

Notes
Turn   | Place    | Note
-------+----------+-------------------------------------------
     0 | D:1      | tardwrangler69 the Mummy Earth Elementalist began the quest
                  | for the Orb.
     0 | D:1      | Reached XP level 1. HP: 13/13 MP: 4/4
    82 | D:1      | Reached XP level 2. HP: 19/19 MP: 0/6
   452 | D:1      | Found a faded altar of an unknown god.
   903 | D:1      | Gained mutation: You are in touch with the powers of death.
                  | [Mummy growth]
   903 | D:1      | Reached XP level 3. HP: 24/24 MP: 6/8
  1648 | D:2      | Found a basalt altar of Yredelemnul.
  1668 | D:2      | Reached XP level 4. HP: 26/30 MP: 5/10
  3674 | D:4      | Reached skill level 5 in Spellcasting
  3674 | D:4      | Reached XP level 5. HP: 35/35 MP: 10/12
  3683 | D:4      | Found a sand-covered staircase.
  3688 | Ossuary  | Entered an ossuary
  3904 | Ossuary  | Reached XP level 6. HP: 30/41 MP: 5/14
  4555 | D:5      | Entered Level 5 of the Dungeon
  4563 | D:5      | Found a sparkling altar of Nemelex Xobeh.
  4642 | D:5      | Reached skill level 5 in Earth Magic
  4642 | D:5      | Reached XP level 7. HP: 46/46 MP: 17/17
  4999 | D:5      | Found Tesafeof's Magic Scroll Shoppe.
  4999 | D:5      | Noticed Blork the orc
  5004 | D:5      | Killed Blork the orc
  5576 | D:5      | Noticed a hornet
  5759 | D:5      | Learned a level 2 spell: Passwall
  5763 | D:5      | Learned a level 3 spell: Stone Arrow
  6011 | D:6      | Reached XP level 8. HP: 52/52 MP: 20/20
  6012 | D:6      | Reached skill level 1 in Conjurations
  6128 | D:6      | Found a blossoming altar of Fedhas.
  6188 | D:6      | Found a hazy altar of Hepliaklqana.
  6779 | D:6      | Found a broken altar of Ashenzari.
  6784 | D:6      | Identified the +3 leather armour of Sorcery {rF+ Str+3}
  6787 | D:6      | Became a worshipper of Ashenzari the Shackled
  6865 | D:7      | Found a staircase to the Ecumenical Temple.
  7268 | D:7      | Noticed Menkaure
  7273 | D:7      | Killed Menkaure
  7317 | D:7      | Reached skill level 5 in Conjurations
  7829 | D:7      | Reached XP level 9. HP: 58/58 MP: 18/21
  7987 | D:7      | Reached skill level 1 in Fighting
  8112 | D:7      | Reached * piety under Ashenzari
  8112 | D:7      | Identified a scroll of acquirement
  8113 | D:7      | Acquired 1137 gold pieces
  8218 | D:8      | Identified the ring "Quaw" {rC+ MP+9 Str+5 Slay-5}
  8560 | D:8      | Found a staircase to the Lair.
  8693 | D:8      | Reached skill level 5 in Fighting
  8938 | D:8      | Found a snail-covered altar of Cheibriados.
  9205 | D:8      | Reached ** piety under Ashenzari
  9245 | D:8      | HP: 1/68 [electric eel/bolt of electricity (8)]
  9934 | D:9      | Noticed Grum
 10310 | D:9      | Killed Grum
 10655 | D:9      | Noticed Maggie
 10659 | D:9      | Killed Maggie
 10660 | D:9      | Reached XP level 10. HP: 85/85 MP: 16/23
 11615 | D:9      | Found a runed translucent door.
 11616 | D:9      | Found a shimmering altar of Xom.
 11616 | D:9      | Noticed DemonSlayer's ghost (novice DsFE)
 11617 | D:9      | Noticed a +2 long sword of chaos
 11949 | D:9      | Found a staircase to the Orcish Mines.
 12475 | D:10     | Entered Level 10 of the Dungeon
 12582 | D:10     | Found a basalt altar of Yredelemnul.
 12590 | D:10     | Found a hide-covered altar of Uskayaw.
 12598 | D:10     | Found a stormy altar of Qazlal.
 12643 | D:10     | Noticed Maurice
 12645 | D:10     | Reached *** piety under Ashenzari
 12648 | D:10     | Killed Maurice
 12868 | D:10     | Noticed a two-headed ogre
 12873 | D:10     | Killed a two-headed ogre
 12973 | D:10     | Noticed a molten gargoyle
 12979 | D:10     | Killed a molten gargoyle
 12990 | D:10     | Noticed a molten gargoyle
 13021 | D:10     | Found a flagged portal.
 13034 | D:10     | Killed a molten gargoyle
 13211 | D:10     | Noticed a molten gargoyle
 13219 | D:10     | Killed a molten gargoyle
 13242 | D:10     | HP: 1/88 [hornet (13)]
 13929 | D:10     | Reached XP level 11. HP: 74/93 MP: 14/25
 14410 | D:10     | Found a portal to a secret trove of treasure.
 14540 | D:10     | Noticed an orc knight
 14925 | D:10     | Noticed a two-headed ogre
 14929 | D:10     | Killed a two-headed ogre
 15427 | D:11     | Reached **** piety under Ashenzari
 15638 | D:11     | Noticed a two-headed ogre
 15642 | D:11     | Killed a two-headed ogre
 15776 | D:11     | Noticed a two-headed ogre
 15779 | D:11     | Killed a two-headed ogre
 15907 | D:11     | Noticed a boulder beetle
 15919 | D:11     | HP: 3/95 [boulder beetle (15)]
 16345 | Lair:1   | Entered Level 1 of the Lair of Beasts
 16552 | Lair:1   | Reached skill level 10 in Conjurations
 16838 | Lair:1   | Reached skill level 1 in Armour
 17292 | Lair:1   | Reached ***** piety under Ashenzari
 17888 | Lair:1   | Reached XP level 12. HP: 89/103 MP: 11/28
 18419 | Lair:2   | Found the +6 arbalest "Damnation" {damnation}
 18797 | Lair:2   | Found a staircase to the Swamp.
 19279 | Lair:2   | Found a staircase to the Snake Pit.
 19412 | Lair:2   | Reached skill level 5 in Dodging
 19486 | Lair:2   | Reached skill level 5 in Armour
 19840 | Lair:2   | Noticed an eight-headed hydra
 20409 | Lair:3   | Noticed turdburglar's ghost (journeyman MiFi)
 20409 | Lair:3   | Found a runed translucent gate.
 20409 | Lair:3   | Found a runed translucent gate.
 20409 | Lair:3   | Found a runed translucent gate.
 20703 | Lair:3   | Noticed an eight-headed hydra
 20707 | Lair:3   | Killed an eight-headed hydra
 20817 | Lair:3   | Noticed Snorg
 20856 | Lair:2   | Killed an eight-headed hydra
 21211 | Lair:3   | Killed Snorg
 21212 | Lair:3   | Gained mutation: You are strongly in touch with the powers
                  | of death. [Mummy growth]
 21212 | Lair:3   | Reached XP level 13. HP: 112/112 MP: 22/29
 22499 | Lair:4   | Learned a level 2 spell: Blink
 22602 | Lair:4   | Reached skill level 1 in Ranged Weapons
 22913 | Lair:3   | Acquired the ring of the Singing Gods {rElec rF+++ rC+++
                  | Will+ Dex-3}
 23053 | Lair:4   | Reached skill level 2 in Ranged Weapons
 23567 | Lair:4   | Reached skill level 3 in Ranged Weapons
 23945 | Lair:4   | Reached skill level 4 in Ranged Weapons
 24272 | Lair:5   | Entered Level 5 of the Lair of Beasts
 24288 | Lair:4   | Reached skill level 5 in Ranged Weapons
 24779 | Lair:5   | Reached skill level 6 in Ranged Weapons
 25067 | Lair:5   | Reached skill level 7 in Ranged Weapons
 25594 | Lair:5   | Found a viscous altar of Jiyva.
 25599 | Lair:5   | Found a staircase to the Slime Pits.
 25602 | Lair:5   | Reached skill level 8 in Ranged Weapons
 25602 | Lair:5   | Reached XP level 14. HP: 94/116 MP: 30/30
 26614 | Lair:5   | Reached skill level 9 in Ranged Weapons
 28103 | D:11     | Reached skill level 10 in Ranged Weapons
 28922 | D:12     | Found a shimmering altar of Xom.
 29161 | D:12     | Acquired 1317 gold pieces
 29228 | D:13     | Noticed Rupert
 29741 | Orc:1    | Entered Level 1 of the Orcish Mines
 29969 | Orc:2    | Entered Level 2 of the Orcish Mines
 30491 | Orc:1    | Reached skill level 11 in Ranged Weapons
 30749 | Swamp:1  | Entered Level 1 of the Swamp
 31330 | Swamp:1  | HP: 3/116 [eight-headed hydra (9)]
 31330 | Swamp:1  | Slain by an eight-headed hydra

Illustrated notes

Levels and vault maps discovered:
D:1:      giann_forest_graveyard, layout_basic, ebering_ecumenical_altar_webs,
          minmay_misc_feat_alley, minmay_misc_feat_tiny, dreamdust_wishing_well
D:2:      layout_basic, basic_altar, chequers_serial_rivers_marsh,
          hangedman_feature_mirror
D:3:      layout_loops_corners, st_stairs_6, dreamdust_mushroom_princess,
          kennysheep_cluttered_room, kennysheep_generic_room_6
D:4:      layout_rooms, lemuel_round_altar,
          nicolae_ossuary_entry_false_entrances
D:5:      layout_cave_pods, mainiacjoe_overflow_six_doors_small, serial_shops,
          shop, uniq_blork_the_orc
D:6:      layout_cave_pools, lemuel_coloured_pillars_altar,
          nicolae_hepliaklqana_monster_ancestors, fedhas_altar_1,
          hangedman_decor_riveting
D:7:      layout_loops_ring, minmay_temple_entry_arrows, uniq_menkaure
D:8:      statuecave_lemuel, layout_basic, kennysheep_mini, dpeg_oklobed_lair
D:9:      layout_long_grid, hiddenorc1_lemuel, ebering_ghost_xom, uniq_grum,
          uniq_maggie
D:10:     cheibrodos_orc_bank, layout_loops_ring,
          minmay_overflow_temple_star_quad, nicolae_trove_entry_isolated,
          enter_bailey_5, grunt_ministairs_12, st_stairs_1, minivault_8,
          uniq_maurice
D:11:     layout_basic
D:12:     layout_rooms, chequers_decorated_corner,
          amcnicky_mini_rare_corridor_liquid, tgw_xom
D:13:     layout_loops_ring, hangedman_vaults_entry_quadrant_bands,
          serial_shops, kennysheep_mini_moat, beargit_elvish_explorers,
          uniq_rupert
Lair:1:   layout_chaotic_city, minmay_holes, chequers_serial_rivers_micro_a,
          minivault_19, minivault_27, grunt_megastairs_2
Lair:2:   layout_loops_ring, minmay_swamp_entry_swarm,
          guppyfry_snake_entry_island, beast_lair_carwin_8
Lair:3:   layout_regular_city, ebering_ghost_rock_garden, guppyfry_lair_drakes,
          uniq_snorg
Lair:4:   layout_layer_cave, pond, grunt_megastairs_1
Lair:5:   hangedman_lair_caniforms_friends, layout_gridlike,
          minmay_slime_entry_oklob_enclosed, grunt_megastairs_5,
          serial_bayou_shore_b
Swamp:1:  layout_falls_marsh, evilmike_swamp_ruin_house_2, swamp_pool3,
          grunt_ruined_hall
Orc:1:    layout_caves, serial_shops, shop, basic_altar, minmay_orc_temple_b
Orc:2:    st_orc_open, layout_caves, serial_shops, shop, shop

Skill      XL: |  1  2  3  4  5  6  7  8  9 10 11 12 13 14 |
---------------+-------------------------------------------+-----
Spellcasting   | 3 4 5 6 8 9 |  9.0
Earth Magic    | 3 4 5 6 7 |  7.5
Conjurations   | 6 8 10 | 10.0
Fighting       | 8 9 |  9.8
Armour         | 3 7 |  7.8
Dodging        | 3 7 8 |  8.1
Ranged Weapons | 8 11 | 11.4
Stealth        | |  1.5
Transmutations | |  0.7

Action                   |  1- 3 |  4- 6 |  7- 9 | 10-12 | 13-15 || total
-------------------------+-------+-------+-------+-------+-------++-------
Melee: Dagger            |     2 |       |       |       |       ||     2
       Unarmed           |     1 |       |       |       |       ||     1
       Triple crossbow   |       |       |       |     1 |       ||     1
 Fire: Triple crossbow   |    17 |   101 |   111 |   158 |       ||   387
       Arbalest          |       |       |       |    90 |   310 ||   400
 Cast: Sandblast         |    40 |    59 |   143 |   101 |     2 ||   345
       Stone Arrow       |       |       |    14 |   225 |   243 ||   482
       Passwall          |       |       |       |     1 |       ||     1
Invok: Curse Item        |       |       |     3 |     5 |     1 ||     9
       Shatter the Chain |       |       |       |     2 |     1 ||     3
Evoke: Wand              |       |       |       |     3 |     1 ||     4
  Use: Scroll            |       |    10 |     5 |     4 |    10 ||    29
Armor: Robe              |     4 |    41 |    12 |       |       ||    57
       Leather armour    |       |       |    53 |   119 |   122 ||   294
Dodge: Dodged            |    15 |    73 |   130 |   269 |   336 ||   823
